 Dungeon Crawl Stone Soup version 0.19-a0-1896-g611e798 (webtiles) character file.

50 Minion the Ducker (level 4, 0/29 HPs)
             Began as a Kobold Monk on Oct 19, 2016.
             Succumbed to an adder's poison
             ... on level 2 of the Dungeon.
             The game lasted 00:04:16 (1515 turns).

Minion the Ducker (Kobold Monk)                     Turns: 1515, Time: 00:04:16

Health: 0/29       AC: 10    Str:  8    XL:     4   Next: 4%
Magic:  4/4        EV:  8    Int: 11    God:
Gold:   133        SH:  0    Dex: 18    Spells: 0 memorised, 3 levels left

rFire  . . .     SeeInvis .       - Unarmed
rCold  . . .     Gourm    .     c - +2 chain mail {MR+}
rNeg   . . .     Faith    .     (shield restricted)
rPois  .         Spirit   .     (no helmet)
rElec  .         Reflect  .     (no cloak)
rCorr  .         Harm     .     (no gloves)
MR     ++...                    (no boots)
Stlth  ..........               (no amulet)
                                e - ring of wizardry
                                (no ring)

@: lethally poisoned (0 -> -2)
A: repulsion field 1, camouflage 1, carnivore 3, magic resistance 1
a: no special abilities


You were on level 2 of the Dungeon.
You were completely stuffed.

You visited 1 branch of the dungeon, and saw 2 of its levels.

You collected 133 gold pieces.

Inventory:

Armour
 c - a +2 chain mail of magic resistance (worn)
Jewellery
 e - a ring of wizardry (right hand)
Scrolls
 a - a scroll of noise {unknown}
 d - a scroll of random uselessness {unknown}
 g - a scroll of remove curse
 i - a scroll of fog {unknown}
 j - a scroll of enchant weapon {unknown}
 l - a scroll of recharging {unknown}
 m - 2 scrolls of identify {unknown}
Comestibles
 b - 2 meat rations
 h - a slice of pizza


   Skills:
 + Level 4.1 Fighting
 + Level 4.3 Dodging
 - Level 2.6 Stealth
 + Level 3.5 Unarmed Combat


You had 3 spell levels left.
You didn't know any spells.

Dungeon Overview and Level Annotations

Branches:
Dungeon (2/15)

Altars:


Innate Abilities, Weirdness & Mutations

You are small and have problems with some larger weapons.
You are carnivorous and can eat meat at any time.
You are surrounded by a mild repulsion field. (EV +2)
Your skin changes colour to match your surroundings (Stealth+).
You are resistant to hostile enchantments. (MR+)


Message History

* * * LOW HITPOINT WARNING * * *
You feel sick.
You start eating one of the 3 meat rations.
You continue eating.
* * * LOW HITPOINT WARNING * * *
You feel sick.
You continue eating.
You finish eating.
That meat ration really hit the spot!
As you read the scroll labeled VITULE KYAJURGH, it crumbles to dust.
You feel aware of your surroundings.
It was a scroll of magic mapping.
You enter the shallow water.
Moving in this stuff is going to be slow.
* * * LOW HITPOINT WARNING * * *
You feel sick.
Found a robe and a scroll labeled YCOKLU KIHUO.
The kobold shouts!
* * * LOW HITPOINT WARNING * * *
You feel sick.
You see here 15 gold pieces.
You die...

* ***********### ****
*,,,,.,,,,,..# ,,,**
*,***#.#####.#### *,,,**
*,***#...@.$....##
**,,,***,**≈####≈.(.##..#
***,,,,,,**≈≈#≈#≈.≈..##.##
*,*,,,******≈≈≈≈≈≈≈...#..###
,⌠,*,,* *#≈≈≈≈≈P........#
*,*,,,* ###≈≈≈≈≈..≈..#.##
,*,,*,* *##≈≈≈≈≈P.P.#..#
***,*,* **.[≈K≈≈≈≈≈≈..#.##
,*,,*,* *....P≈P≈≈≈≈≈....#


You could see a kobold.

Vanquished Creatures
  2 adders (D:2)
  A dart slug (D:1)
  A ball python (D:1)
  7 bats (D:1)
  2 giant cockroaches (D:1)
  A goblin (D:1)
  3 hobgoblins
  3 jackals (D:1)
  A frilled lizard (D:1)
  2 kobolds
  6 rats (D:1)
29 creatures vanquished.

Notes
Turn   | Place    | Note
-------+----------+-------------------------------------------
     0 | D:1      | Minion the Kobold Monk began the quest for the Orb.
     0 | D:1      | Reached XP level 1. HP: 14/14 MP: 1/1
   199 | D:1      | Reached XP level 2. HP: 14/19 MP: 2/2
   718 | D:1      | Reached XP level 3. HP: 24/24 MP: 3/3
  1489 | D:2      | Gained mutation: You are surrounded by a mild repulsion field. (EV +2) [potion of mutation]
  1489 | D:2      | Gained mutation: You are resistant to hostile enchantments. (MR+) [potion of mutation]
  1489 | D:2      | Gained mutation: Your skin changes colour to match your surroundings (Stealth+). [potion of mutation]
  1496 | D:2      | Reached XP level 4. HP: 7/29 MP: 4/4
  1511 | D:2      | HP: 1/29 [poisoned by an adder]
  1515 | D:2      | Succumbed to an adder's poison

Vault maps used:
D:1:      dpeg_arrival_water_fire, amethyst_killhole
D:2:      grunt_decor_mini_mirrors, chequers_big_river

Skill      XL: |  1  2  3 |
---------------+----------+-----
Dodging        | 4 |  4.3
Fighting       | 4 |  4.1
Stealth        | |  2.6
Unarmed Combat | |  3.5

Action                   |  1- 3 |  4- 6 || total
-------------------------+-------+-------++-------
Melee: Unarmed           |   175 |     5 ||   180
       Punch             |     2 |       ||     2
  Use: Scroll            |     1 |     1 ||     2
       Potion            |     1 |       ||     1
  Eat: Chunk             |     9 |       ||     9
       Meat ration       |       |     1 ||     1
Armor: Chain mail        |   181 |     2 ||   183
Dodge: Dodged            |    82 |     2 ||    84
